AoeStats
← nor29

Arabia

509742281Analyzed
1v1 RM · 3d ago on Sep 27, 2026· 40m 21s· 2 players
Game mode
Random Map
Map size
Tiny (2 player)
Population
200
Speed
Normal
Resources
Standard
Victory
Conquest
Starting age
Dark Age
Ending age
Imperial Age
RankedLock teamsTeams togetherTeam positionsShared explorationLock speedFull tech treeHidden civsTurbo modeCheats
Victory
Defeat
🇵🇪 Slavs · Peru
694
+17
🇺🇸 Portuguese · United States
726
-17
nor29
3:17 Loom
3:54 Loom
10:06 Feudal Age
13:30 Bloodlines
13:18 Horse Collar
20:31 Castle Age
20:35 Double-Bit Axe
22:00 Husbandry
21:22 Light Cavalry
25:36 Elite Skirmisher
26:23 Fletching
27:30 Scale Barding Armor
27:57 Bow Saw
30:47 Detinets
33:36 Imperial Age
32:51 Wheelbarrow
32:28 Heavy Plow
34:05 Hand Cart
35:29 Capped Ram
37:35 Crop Rotation
38:07 Two-Man Saw
37:46 Cavalier
38:53 Chain Barding Armor
jackknife06
7:27 Loom
7:40 Loom
11:41 Feudal Age
18:37 Castle Age
31:03 Double-Bit Axe
32:34 Horse Collar
39:46 Imperial Age
40:04 Scale Barding Armor
40:09 Forging
Connection lost

Rejoining the realm…

Still unreachable

The connection could not be restored.

Session expired

The server has moved on; the page needs a fresh start.